 Dungeon Sprint DCSS version 0.32-a0-411-g744942f433 (webtiles) character file.

Game seed: 11213893503482342428

195 zazu2006 the Shield-Bearer (level 5, -4/57 HPs)
             Began as a Troll Fighter on Feb 20, 2024.
             Was an Initiate of Trog.
             Slain by a troll (7 damage)
             ... in the Dungeon (Sprint IX: "|||||||||||||||||||||||||||||").
             The game lasted 00:01:01 (146 turns).

zazu2006 the Shield-Bearer (Troll Fighter)           Turns: 146, Time: 00:01:02

Health: -4/57      AC:  4    Str: 26    XL:     5   Next: 45%
Magic:  4/4        EV: 10    Int:  4    God:    Trog [......]
Gold:   0          SH:  9    Dex:  9    Spells: 4/4 levels left

rFire   . .          .
                       - Unarmed
rCold   . . .        b - +0 kite shield
rNeg    . . .        a - +0 robe
rPois   .            (helmet restricted)
rElec   .            (no cloak)
rCorr   .            (gloves unavailable)
SInv    .            (boots unavailable)
Will    .....        (no amulet)
Stlth   +            (no ring)
HPRegen 1.09/turn    (no ring)
MPRegen 0.09/turn

%: no teleportation
@: no status effects
A: large, unfitting armour, claws 3, regeneration 1, shaggy fur 1, tough skin 1
a: Renounce Religion


You were in the Dungeon.
You worshipped Trog.
Trog was noncommittal.
You visited 1 branch

Inventory:

Armour
 a - a +0 robe (worn)
 b - a +0 kite shield (worn)
Jewellery
 l - a +3 ring of intelligence
 m - a +3 ring of dexterity
Wands
 k - a wand of roots (10)
Scrolls
 i - 2 scrolls of blinking
Potions
 c - a potion of might
 d - 5 potions of curing
 e - 3 potions of heal wounds
 f - a potion of haste
 g - 4 potions of magic
 h - a potion of berserk rage
 j - a potion of invisibility


   Skills:
 + Level 5.0 Fighting
 + Level 5.7 Dodging
 + Level 6.2 Shields
 + Level 5.1 Unarmed Combat


You had 4 spell levels left.
You didn't know any spells.
Your spell library was empty.

Dungeon Overview and Level Annotations

Branches:
Dungeon (1/1)

Altars:
Cheibriados
Dithmenos
Elyvilon
Fedhas
Gozag
Hepliaklqana
Kikubaaqudgha
Makhleb
Nemelex Xobeh
Okawaru
Qazlal
Ru
Sif Muna
Trog
Uskayaw
Vehumet
Wu Jian
Xom
Yredelemnul
Zin
The Shining One
Beogh
Jiyva
Lugonu


Innate Abilities, Weirdness & Mutations

You are too large for most types of armour.
You have claws for hands.
Your natural rate of healing is unusually fast.
You are covered in fur. (AC +1)
You have tough skin. (AC +1)


Message History

There is a basalt altar of Yredelemnul here.
There is a glowing silver altar of Zin here.
There is a glowing golden altar of the Shining One here.
You open the door.
Found four items.
Found a +1 chain mail.
There is an open door here.
Found a +3 ring of intelligence.
g - 4 potions of magic (gained 2);
j - a potion of invisibility
e - 3 potions of heal wounds (gained 2);
d - 5 potions of curing (gained 4)
Found a +3 ring of dexterity.
i - 2 scrolls of blinking (gained 1)
You see here 2 scrolls of amnesia.
k - a wand of roots (10)
Items here: )))))).
You see here a +0 cloak.
You see here a +0 cloak.
You see here a +1 chain mail.
l - a +3 ring of intelligence
m - a +3 ring of dexterity You open the door.
An orc wizard, 3 yaks and 2 trolls come into view.
The troll shouts!
The yak bellows!
The orc wizard shouts!
The troll shouts!
The yak bellows!
You claw the troll!
The troll is moderately wounded.
The troll bites you! The troll barely misses you. The troll claws you!
You scratch the troll.
The troll is heavily wounded.
You block the troll's attack. The troll claws you but does no damage.
The troll claws you!
You scratch the troll.
The troll is heavily wounded.
You block the troll's attack. The troll claws you. x2
You mangle the troll!!
The troll is almost dead.
The troll bites you!
* * * LOW HITPOINT WARNING * * *
The troll claws you!
You die... ▓▓▓▓▓▓▓▓▓▓▓▓▓▓▓▓▓▓▓▓▓▓▓▓ .TYYoYT@.[[[.)?.'_______ ▓▓▓▓▓▓▓▓▓▓▓▓▓▓▓▓▓▓▓▓▓▓▓▓

You could see 3 yaks, 2 trolls and an orc wizard.

Vanquished Creatures
  An ice beast (D)
  A scorpion (D)
  A hound (D)
  An adder (D)
  An orc (D)
  A bat (D)
  A ball python (D)
  3 kobolds (D)
10 creatures vanquished.

Notes
Turn   | Place    | Note
-------+----------+-------------------------------------------
     0 | D        | zazu2006 the Troll Fighter began the quest for the Orb.
     0 | D        | Reached XP level 1. HP: 22/22 MP: 0/0
     9 | D        | Reached skill level 3 in Shields
    18 | D        | Reached XP level 2. HP: 31/31 MP: 1/1
    20 | D        | Noticed an ice beast
    20 | D        | Noticed a scorpion
    41 | D        | Reached skill level 4 in Shields
    41 | D        | Reached XP level 3. HP: 29/39 MP: 2/2
    48 | D        | Killed a scorpion
    49 | D        | Reached skill level 5 in Shields
    49 | D        | Reached XP level 4. HP: 26/49 MP: 3/3
    53 | D        | Killed an ice beast
    54 | D        | Reached skill level 5 in Fighting
    54 | D        | Reached skill level 5 in Dodging
    54 | D        | Reached skill level 6 in Shields
    54 | D        | Reached skill level 5 in Unarmed Combat
    54 | D        | Reached XP level 5. HP: 14/57 MP: 4/4
    99 | D        | Found a roughly hewn altar of Beogh.
    99 | D        | Found a snail-covered altar of Cheibriados.
    99 | D        | Found a shadowy altar of Dithmenos.
    99 | D        | Found a white marble altar of Elyvilon.
    99 | D        | Found a blossoming altar of Fedhas.
    99 | D        | Found an opulent altar of Gozag.
   100 | D        | Found a hazy altar of Hepliaklqana.
   101 | D        | Found a viscous altar of Jiyva.
   102 | D        | Found an ancient bone altar of Kikubaaqudgha.
   103 | D        | Found a corrupted altar of Lugonu.
   104 | D        | Found a burning altar of Makhleb.
   105 | D        | Found a sparkling altar of Nemelex Xobeh.
   106 | D        | Found an iron altar of Okawaru.
   107 | D        | Found a stormy altar of Qazlal.
   108 | D        | Found a sacrificial altar of Ru.
   109 | D        | Found a shimmering blue altar of Sif Muna.
   110 | D        | Found a bloodstained altar of Trog.
   111 | D        | Found a hide-covered altar of Uskayaw.
   112 | D        | Found a radiant altar of Vehumet.
   113 | D        | Found an ornate altar of the Wu Jian Council.
   114 | D        | Found a shimmering altar of Xom.
   115 | D        | Found a basalt altar of Yredelemnul.
   116 | D        | Found a glowing silver altar of Zin.
   117 | D        | Found a glowing golden altar of the Shining One.
   118 | D        | Became a worshipper of Trog the Wrathful
   142 | D        | Noticed a troll
   142 | D        | Noticed a yak
   142 | D        | Noticed a yak
   142 | D        | Noticed a yak
   142 | D        | Noticed a troll
   146 | D        | Slain by a troll

Illustrated notes

Levels and vault maps discovered:
D:        linesprint [early_d, line_temple, items_1, d_10, items_2, lair_1,
          lair_end, items_3, orc_1, orc_end, items_4, d_15, swamp_1, shoals_1,
          snake_1, spider_1, d_20, vaults_1, items_5, swamp_end, shoals_end,
          snake_end, spider_end, vaults_end, d_27, items_6, zot_1, zot_end,
          crypt_end, forest_end, elf_end, slime_end, tomb_end, abyss_end,
          pan_hell_end]

Skill      XL: |  1  2  3  4 |
---------------+-------------+-----
Shields        | 3 4 5 6 |  6.2
Fighting       | 3 4 5 |  5.0
Dodging        | 3 4 5 |  5.7
Unarmed Combat | 3 4 5 |  5.1

Action                     |  1- 3 |  4- 6 || total
---------------------------+-------+-------++-------
  Melee: Unarmed           |    38 |     9 ||    47
 Armour: Robe              |    26 |     9 ||    35
  Dodge: Dodged            |    17 |     1 ||    18
  Block: Kite shield       |    11 |     4 ||    15

Table legend: (Time is in decaauts)
 A = Elapsed time spent in this place.
 B = Non-inter-level travel time spent in this place.
 C = Inter-level travel time spent in this place.
 D = Time resting spent in this place.
 E = Time spent auto-exploring this place.
 F = Levels seen in this place.
 G = Mean time per level.
                   A        B        C        D        E       F      G
               +--------+--------+--------+--------+--------+-----+--------+
         Total |    148 |    143 |      5 |     37 |      0 |   1 |  148.0 |
       Dungeon |    148 |    143 |      5 |     37 |      0 |   1 |  148.0 |
               +--------+--------+--------+--------+--------+-----+--------+

Top non-repeatable levels by time:
       D: 148 daAuts
